 Dungeon Sprint DCSS version 0.22-a0-570-g58866f5 (webtiles) character file.

34 George the Slasher (level 3, -3/43 HPs)
             Began as a Barachi Skald on June 30, 2018.
             Slain by a hound (4 damage)
             ... in the Dungeon (Sprint IX: "|||||||||||||||||||||||||||||").
             The game lasted 00:01:09 (74 turns).

George the Slasher (Barachi Skald)                    Turns: 74, Time: 00:01:09

Health: -3/43      AC:  3    Str: 17    XL:     3   Next: 31%
Magic:  3/7        EV: 13    Int: 14    God:
Gold:   0          SH:  0    Dex: 11    Spells: 7/8 levels left

rFire    . . .     SeeInvis .   a - +0 falchion
rCold    . . .     Gourm    .   (no shield)
rNeg     . . .     Faith    .   b - +0 leather armour
rPois    .         Spirit   .   (no helmet)
rElec    .         Reflect  .   (no cloak)
rCorr    .         Harm     .   (no gloves)
MR       .....     NoTele   +   (no boots)
Stlth    ..........             (no amulet)
HPRegen  0.14/turn              (no ring)
MPRegen  0.10/turn              (no ring)

@: berserking (expiring), infused, can't hop, very quick
A: +LOS, swims, slowness 1, strong legs 1
a: Hop


You were in the Dungeon.
You were not hungry.

You visited 1 branch

Inventory:

Hand Weapons
 a - a +0 falchion (weapon)
Armour
 b - a +0 leather armour (worn)
Scrolls
 j - a scroll of blinking
Potions
 e - a potion of curing
 f - a potion of heal wounds
 g - a potion of haste
 h - 2 potions of magic
Comestibles
 c - 3 chunks of flesh
 d - a ration


   Skills:
 + Level 3.6 Fighting
 * Level 4.6 Long Blades
 + Level 2.9 Armour
 + Level 3.4 Dodging
 + Level 3.2 Spellcasting
 + Level 4.1 Charms


You had 7 spell levels left.
You knew the following spells:

 Your Spells              Type           Power        Failure   Level  Hunger
a - Infusion              Chrm           ##..         4%          1    #......

Your spell library contained the following spells:

 Spells                   Type           Power        Failure   Level  Hunger
 Regeneration             Chrm/Necr      #.........   32%         3    ###....
 Shroud of Golubria       Chrm/Tloc      #.........   16%         2    ##.....
 Song of Slaying          Chrm           ##......     7%          2    ##.....
 Spectral Weapon          Hex/Chrm       #.......     32%         3    ###....


Dungeon Overview and Level Annotations

Branches:
Dungeon (1/1)

Altars:


Innate Abilities, Weirdness & Mutations

Shadows flee at your approach. (+LOS)
You can swim through water.
You cover ground slowly.
You can hop short distances.


Message History

Your experience leads to an increase in your attributes!
Your base attributes are Str 12, Int 13, Dex 11.
Increase (S)trength, (I)ntelligence, or (D)exterity?
You feel clever.
You slash the giant cockroach!
You kill the giant cockroach!
The crimson imp blinks!
You hit the crimson imp.
The crimson imp is heavily wounded.
The crimson imp closely misses you.
You closely miss the crimson imp.
The crimson imp is moderately wounded.
You miss the crimson imp.
The crimson imp is moderately wounded.
The crimson imp hits you.
* * * LOW HITPOINT WARNING * * *
You slash the hound!
The hound is almost dead.
The hound bites you.
You die...

▓▓▓
▓<▓
▓.▓
▓.▓
▓.▓
▓†▓
▓.▓
▓5▓
▓@▓
▓h▓
▓Z▓
▓§▓
▓.▓
▓.▓
▓.▓
▓.▓
▓.▓


You could see a hound, a crimson imp and an adder zombie.

Vanquished Creatures
  An iguana (D)
  A dart slug (D)
  A bat (D)
  A giant cockroach (D)
  A goblin (D)
  2 rats (D)
7 creatures vanquished.

Notes
Turn   | Place    | Note
-------+----------+-------------------------------------------
     0 | D        | George the Barachi Skald began the quest for the Orb.
     0 | D        | Reached XP level 1. HP: 17/17 MP: 3/3
    13 | D        | Reached XP level 2. HP: 22/23 MP: 0/5
    61 | D        | Noticed a crimson imp
    68 | D        | HP: 1/34 [iguana (8)]
    69 | D        | Reached XP level 3. HP: 2/29 MP: 3/7
    73 | D        | HP: 1/43 [crimson imp (1)]
    74 | D        | Slain by a hound

Vault maps used:
D:        linesprint

Skill      XL: |  1  2 |
---------------+-------+-----
Long Blades    | 3 4 |  4.6
Armour         | 2 |  2.9
Fighting       | 3 |  3.6
Dodging        | 3 |  3.4
Spellcasting   | 3 |  3.2
Charms         | 4 |  4.1

Action                   || total
-------------------------++-------
Melee: Falchion          ||    19
 Cast: Infusion          ||     2
 Abil: Hop               ||     2
  Use: Potion            ||     1
Armor: Leather armour    ||     2
Dodge: Dodged            ||    10
       Rpst.: Falchion   ||     3

Table legend:
 A = Spawn XP
 B = Non-spawn XP
 C = Spawn XP percentage of total XP
 D = Spawn monster count
 E = Non-spawn monster count
 F = Spawn count percentage of total count
 G = Total turns spent on level
                    A         B        C        D         E        F      G
               +---------+---------+-------+---------+---------+-------+---------
         Total |       0 |      49 |   0.0 |       0 |       7 |   0.0 |    74
               +---------+---------+-------+---------+---------+-------+---------
             D |       0 |      49 |   0.0 |       0 |       7 |   0.0 |    74
               +---------+---------+-------+---------+---------+-------+---------
